[Event "Titled Tuesday Blitz September 14 2021"]
[White "FarOut1364"]
[Black "Ibrahimli, Murad"]
[BlackFideId "13410229"]
[WhiteElo "2757"]
[BlackElo "2109"]
[Result "0-1"]
[Round "09"]
[TimeControl "180+1"]
[Date "2021.09.15"]
[WhiteClock "0:00:13"]
[BlackClock "0:00:08"]

1. d4 Nf6 2. Nf3 e6 3. Bg5 d5 4. Nbd2 Be7 5. e3 Nbd7 6. Bd3 b6 7. c3 Bb7 8. O-O Ne4 9. Bxe7 Qxe7 10. Qc2 f5 11. c4 c6 12. Rab1 O-O 13. b4 Rfc8 14. Rfc1 h6 15. c5 Rf8 16. a4 g5 17. Nb3 g4 18. Ne5 Nxe5 19. dxe5 Qg7 20. Qb2 Ng5 21. cxb6 axb6 22. a5 f4 23. Kh1 fxe3 24. fxe3 g3 25. Rf1 Nf7 26. axb6 Nxe5 27. Be2 Qg5 28. Qd4 Rxf1+ 29. Rxf1 Ra2 30. h4 Qe7 31. Qf4 Rxe2 32. Qxg3+ Qg7 33. Qxg7+ Kxg7 34. Nc5 Bc8 35. Ra1 Nc4 36. Ra7+ Kf6 37. b7 Bxb7 38. Rxb7 Rxe3 39. Rc7 Ne5 40. Rc8 Ng4 41. g3 h5 42. Kg2 e5 43. Rf8+ Kg6 44. Rg8+ Kf7 45. Rg5 e4 46. Rxh5 Re2+ 47. Kf1 Rh2 48. Rg5 Ne3+ 49. Ke1 Nc2+ 50. Kd1 Nxb4 51. Nd7 e3 52. Ne5+ Ke7 53. Nf3 e2+ 54. Ke1 Nc2+ 55. Kd2 e1=Q+ 0-1


[Site "https://www.chess.com"]

[Event "Titled Tuesday Blitz September 14 2021"]
[White "Goltsev, Dmitry"]
[Black "Krysa, Leandro"]
[WhiteFideId "24176710"]
[BlackFideId "116807"]
[WhiteElo "2334"]
[BlackElo "2490"]
[Result "1-0"]
[Round "09"]
[TimeControl "180+1"]
[Date "2021.09.15"]
[WhiteClock "0:00:06"]
[BlackClock "0:00:03"]

1. e4 c5 2. Nf3 Nc6 3. d4 cxd4 4. Nxd4 g6 5. Nc3 Bg7 6. Be3 Nf6 7. Be2 O-O 8. O-O d5 9. exd5 Nxd5 10. Nxd5 Qxd5 11. Bf3 Qc4 12. c3 Nxd4 13. cxd4 Rd8 14. Re1 Be6 15. Bxb7 Rab8 16. Qf3 Bxd4 17. Bf4 Bxb2 18. Rab1 Rxb7 19. Qxb7 Bf6 20. Be3 Qxa2 21. Qxa7 Qxa7 22. Bxa7 h5 23. Rb8 Rxb8 24. Bxb8 Kg7 25. Ba7 Bd5 26. f3 e6 27. Kf2 Be7 28. Bd4+ Bf6 29. Be3 Bh4+ 30. g3 Bf6 31. Rd1 Be7 32. Bd4+ Bf6 33. Bc5 Bd8 34. h4 Bf6 35. Ke3 Bd8 36. Bd6 Bf6 37. Rb1 Bd8 38. Rb8 Bf6 39. Bf4 Be7 40. Be5+ Bf6 41. f4 Ba2 42. Kd4 Bd5 43. Kc5 Bxe5 44. fxe5 g5 45. hxg5 Kg6 46. Rg8+ Kf5 47. Kd6 Kg4 48. Rg7 Kxg3 49. Rxf7 Be4 50. Kxe6 h4 51. Rf8 h3 52. Rh8 h2 53. Kf6 Bg2 54. Rxh2 Kxh2 55. g6 Bd5 56. e6 1-0


[Site "https://www.chess.com"]

[Event "Titled Tuesday Blitz September 14 2021"]
[White "Hindermann, Felix"]
[Black "Kucuksari, Kaan"]
[WhiteFideId "1305212"]
[BlackFideId "6380166"]
[WhiteElo "2206"]
[BlackElo "2301"]
[Result "1-0"]
[Round "09"]
[TimeControl "180+1"]
[Date "2021.09.15"]
[WhiteClock "0:00:58"]
[BlackClock "0:00:08"]

1. e4 c5 2. c3 Nf6 3. e5 Nd5 4. d4 Nc6 5. c4 Nc7 6. d5 Nxe5 7. f4 Ng6 8. h4 h5 9. Bd3 d6 10. Bxg6 fxg6 11. Nc3 Bf5 12. Nge2 e6 13. Ng3 Bg4 14. Qd3 Rh6 15. f5 gxf5 16. Bxh6 gxh6 17. dxe6 Nxe6 18. Nxf5 Qf6 19. O-O O-O-O 20. Nd5 Qh8 21. Rae1 Re8 22. Nf4 Qf6 23. Nxd6+ Bxd6 24. Qxd6 Rd8 25. Nxe6 Qxf1+ 26. Rxf1 Rxd6 27. Nxc5 Be2 28. Rf2 Bxc4 29. Rc2 Rd1+ 30. Kh2 Bd5 31. Ne4+ Kd7 32. Nf6+ Ke6 33. Nxd5 Rxd5 34. Rc7 Rd7 35. Rxd7 Kxd7 36. Kg3 Ke6 37. Kf4 b5 38. Ke4 a6 39. b4 Kd6 40. Kd4 Kc6 41. Ke5 Kb6 42. Kd5 a5 43. a3 axb4 44. axb4 Ka6 45. Kc6 Ka7 46. Kxb5 Kb7 47. Kc5 Ka7 48. b5 Kb7 49. b6 Kb8 50. Kc6 Kc8 51. b7+ Kb8 52. g3 1-0


[Site "https://www.chess.com"]

[Event "Titled Tuesday Blitz September 14 2021"]
[White "Kobalia, Mikhail"]
[Black "Rastbod, Ali"]
[WhiteFideId "4119150"]
[BlackFideId "12567477"]
[WhiteElo "2626"]
[BlackElo "2226"]
[Result "1-0"]
[Round "09"]
[TimeControl "180+1"]
[Date "2021.09.15"]
[WhiteClock "0:01:25"]
[BlackClock "0:00:10"]

1. e4 e6 2. d3 d5 3. Nd2 Nf6 4. Ngf3 Nc6 5. c3 a5 6. e5 Nd7 7. d4 f6 8. Bb5 Be7 9. O-O O-O 10. Re1 fxe5 11. dxe5 Qe8 12. Nf1 Qf7 13. Ng3 Nc5 14. Qc2 h6 15. Be3 Bd7 16. a4 g5 17. h3 Rfd8 18. Nh2 Qh7 19. Qd1 Rf8 20. Ng4 Qg6 21. Bxc5 Bxc5 22. Nh5 Qxh5 23. Nf6+ Rxf6 24. Qxh5 Rxf2 25. Qg6+ Kh8 26. Qxh6+ Kg8 27. Qxg5+ Kh8 28. Qh6+ Kg8 29. Kh1 Raf8 30. Rf1 1-0


[Site "https://www.chess.com"]

[Event "Titled Tuesday Blitz September 14 2021"]
[White "Langrock, Hannes"]
[Black "Rodriguez Hernandez, Luis Daniel"]
[WhiteFideId "4655290"]
[BlackFideId "3506770"]
[WhiteElo "2325"]
[BlackElo "2133"]
[Result "1-0"]
[Round "09"]
[TimeControl "180+1"]
[Date "2021.09.15"]
[WhiteClock "0:00:06"]
[BlackClock "0:00:02"]

1. d4 Nf6 2. c4 g6 3. g3 Bg7 4. Bg2 O-O 5. Nc3 d6 6. Nf3 Nc6 7. O-O Bg4 8. d5 Na5 9. Nd2 c5 10. h3 Bd7 11. Rb1 a6 12. b3 b5 13. Bb2 Rb8 14. Qc2 e6 15. e4 exd5 16. cxd5 Re8 17. Kh2 b4 18. Nd1 Bb5 19. Nc4 Bxc4 20. bxc4 Nd7 21. f4 Nb6 22. Bxg7 Kxg7 23. Ne3 f5 24. Rbe1 fxe4 25. f5 Nd7 26. fxg6 hxg6 27. Bxe4 Qg5 28. Rf4 Ne5 29. Bxg6 Nxg6 30. Rg4 Qh5 31. Nf5+ Kh8 32. Rxe8+ Rxe8 33. Nxd6 Rg8 34. Nf7+ Kh7 35. Rg5 Qf3 36. Ne5 Qf6 37. h4 Nb7 38. Rh5+ Kg7 39. Rg5 Kh6 40. Qd2 Kh7 41. Rh5+ Kg7 42. Qh6# 1-0


[Site "https://www.chess.com"]

[Event "Titled Tuesday Blitz September 14 2021"]
[White "Lashkin, Jegor"]
[Black "Nimrod_Veinberg"]
[WhiteFideId "13907808"]
[WhiteElo "2293"]
[BlackElo "2745"]
[Result "1-0"]
[Round "09"]
[TimeControl "180+1"]
[Date "2021.09.15"]
[WhiteClock "0:00:11"]
[BlackClock "0:00:17"]

1. d4 Nf6 2. c4 e6 3. Nf3 d5 4. Nc3 dxc4 5. e4 b5 6. e5 Nd5 7. Nxb5 Nb6 8. Be2 Nc6 9. Be3 Be7 10. a3 Bb7 11. Qc2 g5 12. h3 Qd7 13. Bxc4 a6 14. d5 exd5 15. Bd3 axb5 16. Bf5 Qd8 17. e6 Nc4 18. exf7+ Kxf7 19. O-O Kg7 20. Bd4+ Bf6 21. Bc5 Ne7 22. Bd3 Ng6 23. Nd4 Ra6 24. b3 Bc8 25. bxc4 dxc4 26. Bxg6 hxg6 27. Rad1 Qd5 28. Bb4 Bxh3 29. Nf3 1-0


[Site "https://www.chess.com"]

[Event "Titled Tuesday Blitz September 14 2021"]
[White "Maghsoodloo, Parham"]
[Black "Kezin, Roman"]
[WhiteFideId "12539929"]
[BlackFideId "24124621"]
[WhiteElo "2601"]
[BlackElo "2570"]
[Result "0-1"]
[Round "09"]
[TimeControl "180+1"]
[Date "2021.09.15"]
[WhiteClock "0:00:02"]
[BlackClock "0:00:43"]

1. d4 d5 2. c4 e6 3. Nf3 Nf6 4. g3 Be7 5. Bg2 O-O 6. O-O dxc4 7. Qc2 b5 8. a4 b4 9. Nbd2 Bb7 10. Nxc4 c5 11. Rd1 Nbd7 12. Bf4 Be4 13. Qd2 Nb6 14. Na5 c4 15. Ne5 Bxg2 16. Kxg2 Qd5+ 17. f3 Rac8 18. Nac6 Rxc6 19. a5 Nbd7 20. Nxc6 Qxc6 21. e4 Rc8 22. d5 exd5 23. exd5 Qb5 24. d6 Bf8 25. a6 Nc5 26. Qe3 Re8 27. Qd4 Nb3 28. Qxa7 Nxa1 29. Rxa1 Re2+ 30. Kg1 Qh5 31. g4 Qh3 0-1


[Site "https://www.chess.com"]

[Event "Titled Tuesday Blitz September 14 2021"]
[White "Mikhailovsky, Vladimir"]
[Black "Kovalev, Vladislav"]
[WhiteFideId "34105414"]
[BlackFideId "13504398"]
[WhiteElo "2414"]
[BlackElo "2573"]
[Result "0-1"]
[Round "09"]
[TimeControl "180+1"]
[Date "2021.09.15"]
[WhiteClock "0:00:01"]
[BlackClock "0:00:12"]

1. e4 e5 2. Nf3 Nc6 3. Nc3 Nf6 4. d4 exd4 5. Nxd4 Bb4 6. Nxc6 bxc6 7. Bd3 O-O 8. O-O d5 9. exd5 cxd5 10. h3 c6 11. Qf3 Rb8 12. Bf4 Bd6 13. b3 Qc7 14. Ne2 Bxf4 15. Nxf4 Re8 16. Rfe1 Bd7 17. c4 d4 18. Rad1 c5 19. Nd5 Nxd5 20. cxd5 Qd6 21. Rc1 g6 22. Bc4 Kg7 23. Qd3 Bf5 24. Qd2 h5 25. Qa5 Qb6 26. Qd2 Bd7 27. Qf4 Qf6 28. Qc7 Bf5 29. Qxc5 d3 30. Red1 Rbc8 31. Qxa7 Re2 32. Rf1 Be4 33. Rcd1 Rxc4 34. bxc4 Qg5 35. Qd4+ Kh7 36. g3 Qf5 37. g4 Qf3 38. Rxd3 Qg2# 0-1


[Site "https://www.chess.com"]

[Event "Titled Tuesday Blitz September 14 2021"]
[White "Nakamura, Hikaru"]
[Black "Khusnutdinov, Rustam"]
[WhiteFideId "2016192"]
[BlackFideId "13701703"]
[WhiteElo "3191"]
[BlackElo "2906"]
[Result "0-1"]
[Round "09"]
[TimeControl "180+1"]
[Date "2021.09.15"]
[WhiteClock "0:00:22"]
[BlackClock "0:00:32"]

1. Nf3 d5 2. e3 Bg4 3. c4 c6 4. Qb3 Qc7 5. cxd5 Bxf3 6. gxf3 cxd5 7. Nc3 e6 8. d4 Nc6 9. Bd2 Nf6 10. Rc1 Bb4 11. Bb5 Be7 12. Na4 O-O 13. O-O Rfc8 14. Bxc6 bxc6 15. Qd3 Nd7 16. e4 Bd6 17. e5 Be7 18. b4 Qd8 19. Rc2 Nb6 20. Nb2 Rc7 21. Rfc1 Rac8 22. a4 Nd7 23. a5 Nf8 24. f4 Ng6 25. Qa6 Nh4 26. Kh1 Nf5 27. Rxc6 Rxc6 28. Rxc6 Rxc6 29. Qxc6 Nxd4 30. Qb7 Bf8 31. Be3 Nf5 32. Bxa7 Qh4 33. Qc8 Qh3 0-1


[Site "https://www.chess.com"]

[Event "Titled Tuesday Blitz September 14 2021"]
[White "Nesterov, Arseniy"]
[Black "Zhigalko, Sergei"]
[WhiteFideId "24198455"]
[BlackFideId "13502956"]
[WhiteElo "2920"]
[BlackElo "2965"]
[Result "1/2-1/2"]
[Round "09"]
[TimeControl "180+1"]
[Date "2021.09.15"]
[WhiteClock "0:00:22"]
[BlackClock "0:00:07"]

1. d4 Nf6 2. c4 e6 3. Nf3 b6 4. g3 Ba6 5. Qc2 c6 6. e4 d5 7. cxd5 Bxf1 8. Kxf1 cxd5 9. e5 Ne4 10. Nbd2 Nxd2+ 11. Bxd2 Be7 12. Rc1 Nd7 13. Kg2 O-O 14. Qa4 a6 15. Rc6 Nb8 16. Rc2 Qd7 17. Qxd7 Nxd7 18. Rc7 Rfd8 19. Rhc1 Kf8 20. Bg5 h6 21. Bxe7+ Kxe7 22. R1c6 Ke8 23. Ne1 Rdb8 24. Nc2 Kd8 25. Rc3 Rc8 26. Rxc8+ Rxc8 27. Rxc8+ Kxc8 28. Kf3 1/2-1/2


[Site "https://www.chess.com"]

[Event "Titled Tuesday Blitz September 14 2021"]
[White "Perez Gormaz, Matias"]
[Black "Dvirnyy, Danyyil"]
[WhiteFideId "3406342"]
[BlackFideId "817570"]
[WhiteElo "2352"]
[BlackElo "2531"]
[Result "0-1"]
[Round "09"]
[TimeControl "180+1"]
[Date "2021.09.15"]
[WhiteClock "0:00:01"]
[BlackClock "0:00:08"]

1. e4 e5 2. Nf3 Nc6 3. Bb5 a6 4. Ba4 Nf6 5. O-O Be7 6. d3 d6 7. c3 O-O 8. Re1 Re8 9. h3 Bf8 10. Bg5 h6 11. Bh4 g6 12. Nbd2 Bd7 13. d4 Bg7 14. Bc2 Qc8 15. Kh2 Nh5 16. Nf1 Nf4 17. Bg3 Nh5 18. Bh4 a5 19. a3 a4 20. Ne3 Ne7 21. dxe5 dxe5 22. Bd3 Nf4 23. Bc4 Be6 24. Bg3 Bxc4 25. Nxc4 Qe6 26. Ne3 Red8 27. Qc2 Nd3 28. Red1 Nc5 29. Rab1 c6 30. Ng4 f6 31. Ne3 h5 32. Qe2 Bh6 33. Nc4 b5 34. Ne3 Nb3 35. Nc2 Kf7 36. Nb4 c5 37. Nc2 c4 38. Nfe1 Nc6 39. f3 Bg5 40. Qf2 Ne7 41. h4 Bh6 42. Nb4 f5 43. exf5 gxf5 44. Qe2 f4 45. Bf2 Nf5 46. Qe4 Ne3 47. Bxe3 fxe3 48. Nec2 Nd2 49. Qh7+ Kf8 50. Nxe3 Rd7 0-1


[Site "https://www.chess.com"]

[Event "Titled Tuesday Blitz September 14 2021"]
[White "Perez Ponsa, Federico"]
[Black "Svane, Rasmus"]
[WhiteFideId "117927"]
[BlackFideId "4657101"]
[WhiteElo "2672"]
[BlackElo "2643"]
[Result "0-1"]
[Round "09"]
[TimeControl "180+1"]
[Date "2021.09.15"]
[WhiteClock "0:00:03"]
[BlackClock "0:00:30"]

1. c4 e6 2. Nc3 d5 3. d4 a6 4. cxd5 exd5 5. Qb3 Bd6 6. Qxd5 Nf6 7. Qb3 c5 8. dxc5 Bxc5 9. Nf3 O-O 10. Bf4 b5 11. Rd1 Qe7 12. e3 Be6 13. Qc2 Rc8 14. Qb1 Bb4 15. Bd3 Nd5 16. Bxh7+ Kh8 17. Rxd5 Bxd5 18. Qf5 Rxc3 19. bxc3 Bxc3+ 20. Nd2 Qd7 21. Qxd7 Nxd7 22. Bf5 Nb6 23. Ke2 Bxa2 24. Rc1 b4 25. Ne4 Bb2 26. Rc2 Na4 27. Bd7 b3 28. Bxa4 bxc2 29. Bxc2 a5 30. Nd6 a4 31. Be4 Ra6 32. Nb7 Bc4+ 33. Kf3 a3 34. Nc5 a2 35. Nxa6 Bxa6 0-1


[Site "https://www.chess.com"]

[Event "Titled Tuesday Blitz September 14 2021"]
[White "Petrovskyi, Vadym"]
[Black "Mirzoev, Azer"]
[WhiteFideId "14165210"]
[BlackFideId "13400304"]
[WhiteElo "2334"]
[BlackElo "2525"]
[Result "0-1"]
[Round "09"]
[TimeControl "180+1"]
[Date "2021.09.15"]
[WhiteClock "0:00:06"]
[BlackClock "0:00:04"]

1. e4 Nf6 2. e5 Nd5 3. d4 d6 4. c4 Nb6 5. exd6 exd6 6. Nc3 Be7 7. Nf3 Bg4 8. Be3 Nc6 9. b3 O-O 10. Be2 Re8 11. O-O Bf6 12. Qd2 h6 13. h3 Bh5 14. Rfe1 Ne7 15. Ne4 Nf5 16. Nxf6+ Qxf6 17. Bf4 Rxe2 18. Qxe2 Nxd4 19. Qe4 Nxf3+ 20. gxf3 g5 21. Bg3 Bxf3 22. Qe3 Qf5 23. Rac1 Nd7 24. Rc3 Bc6 25. Kh2 Nc5 26. b4 Na4 27. b5 Bd7 28. Rd3 Qxh3+ 29. Kg1 Nc5 30. Rd5 b6 31. Qf3 Rf8 32. Qf6 Be6 33. Rd4 Qf5 34. Qe7 Rc8 35. Re3 Kg7 36. Kg2 Qf6 37. Qxf6+ Kxf6 38. Re1 Kg6 39. f3 h5 40. Bf2 h4 41. Rc1 Rh8 42. Rd2 Rg8 43. Bxc5 dxc5 44. Kf2 Kf5 45. Ke3 Ra8 46. Rd3 a6 47. Ra3 a5 48. Rd3 Ke5 49. a3 f5 50. Rd2 f4+ 51. Kf2 Rh8 52. Re1+ Kf6 53. Re4 h3 54. Kg1 Bf5 55. Ree2 Be6 56. Re4 Rh7 57. Kh2 Rd7 58. Rde2 Rd6 59. Kg1 Bf5 60. Re8 Re6 61. Rf8+ Ke7 62. Rxe6+ Bxe6 63. Rh8 Bxc4 64. Rxh3 Bxb5 65. Rh5 Bc6 66. Kf2 Kd6 67. Rxg5 b5 68. Ke2 b4 69. axb4 axb4 70. Rg4 Ke5 71. Rg5+ Kd4 72. Rf5 Bb5+ 73. Kd2 c4 74. Rxf4+ Kc5 75. Rf5+ Kb6 76. Kc2 Ba4+ 77. Kb2 c3+ 78. Kb1 c5 79. f4 Bb5 80. Rd5 Bc4 81. Rd6+ Kc7 82. Rh6 Bd5 83. Rh3 Be4+ 84. Kc1 Kc6 85. Re3 Kd5 86. Re1 Kd4 87. Re2 b3 88. Rf2 b2+ 89. Rxb2 cxb2+ 90. Kxb2 Bd3 91. f5 Ke5 92. Kc3 c4 93. f6 Kxf6 0-1


[Site "https://www.chess.com"]

[Event "Titled Tuesday Blitz September 14 2021"]
[White "Poormosavi, Seyed Kian"]
[Black "Vasquez Schroeder, Rodrigo"]
[WhiteFideId "12585807"]
[BlackFideId "3400042"]
[WhiteElo "2134"]
[BlackElo "2568"]
[Result "0-1"]
[Round "09"]
[TimeControl "180+1"]
[Date "2021.09.15"]
[WhiteClock "0:00:04"]
[BlackClock "0:00:20"]

1. e4 c5 2. Nf3 d6 3. c3 Nf6 4. Bd3 Bg4 5. h3 Bh5 6. e5 dxe5 7. Qa4+ Nbd7 8. Nxe5 a6 9. Nxd7 Qxd7 10. Qxd7+ Nxd7 11. O-O O-O-O 12. Na3 Ne5 13. Be4 e6 14. b3 Nd3 15. Nc4 f6 16. Ba3 Bg6 17. Bxd3 Bxd3 18. Rfe1 e5 19. Nb6+ Kc7 20. Na4 b6 21. b4 Bc2 22. Nb2 cxb4 23. Bxb4 Rxd2 24. Nc4 Rd8 25. Ne3 Ba4 26. Rab1 a5 27. Bxf8 Rhxf8 28. c4 Bc6 29. Rb2 Rb8 30. Rc1 Kd6 31. Rd2+ Kc5 32. Rcd1 Rb7 33. Kh2 Rff7 34. Rb1 Rfd7 35. Rdb2 g6 36. g4 Rd4 37. Kg3 Be4 38. Rb5+ Kc6 39. R1b2 Bd3 40. a4 Rdd7 41. R5b3 Kc5 42. Rb5+ Kd4 43. R5b3 Rd6 44. Rd2 e4 45. Rb5 Kc3 46. Rbb2 Rc6 47. Kf4 Rc5 48. f3 g5+ 49. Kg3 exf3 50. Kxf3 Re5 51. Nd5+ Kxc4 52. Nxb6+ Kc3 53. Nd5+ Rxd5 54. Rxb7 Kxd2 0-1


[Site "https://www.chess.com"]

[Event "Titled Tuesday Blitz September 14 2021"]
[White "Sadhwani, Raunak"]
[Black "Sonis, Francesco"]
[WhiteFideId "35093487"]
[BlackFideId "895733"]
[WhiteElo "2517"]
[BlackElo "2373"]
[Result "1-0"]
[Round "09"]
[TimeControl "180+1"]
[Date "2021.09.15"]
[WhiteClock "0:00:05"]
[BlackClock "0:00:06"]

1. d4 Nf6 2. Nf3 c5 3. e3 d5 4. dxc5 Nc6 5. Bb5 Qa5+ 6. Nc3 e6 7. Bd2 Qc7 8. b4 Bd7 9. a3 a5 10. Bxc6 bxc6 11. O-O Be7 12. Na4 O-O 13. Nb6 Ra7 14. Bc3 Be8 15. Qd4 Qb7 16. Rfb1 Qa6 17. bxa5 Nh5 18. Qg4 Bf6 19. Bxf6 Nxf6 20. Qd4 Qxa5 21. Ne5 Ne4 22. Nc8 Rc7 23. Nd6 f6 24. Nd3 Nc3 25. Re1 Bh5 26. Qb4 Ra8 27. Nf4 Bf7 28. h4 e5 29. Nd3 Bg6 30. Kh2 h5 31. Qb6 Kh7 32. f4 Ra6 33. Qb4 Re7 34. f5 Bf7 35. g4 Ra8 36. g5 Bg8 37. g6+ Kh6 38. Qb2 e4 39. Nf4 Qxc5 40. Qb4 Qxb4 41. axb4 Rea7 42. Rxa7 Rxa7 43. Kg2 Rd7 44. Ra1 Rxd6 45. Ra8 Nd1 46. Rxg8 Nxe3+ 47. Kh3 1-0


[Site "https://www.chess.com"]

[Event "Titled Tuesday Blitz September 14 2021"]
[White "Sarana, Alexey"]
[Black "Jobava, Baadur"]
[WhiteFideId "24133795"]
[BlackFideId "13601520"]
[WhiteElo "2931"]
[BlackElo "2967"]
[Result "1-0"]
[Round "09"]
[TimeControl "180+1"]
[Date "2021.09.15"]
[WhiteClock "0:00:11"]
[BlackClock "0:00:15"]

1. e4 c6 2. Nf3 d5 3. d3 Bg4 4. h3 Bxf3 5. Qxf3 e6 6. Be2 g6 7. d4 Bg7 8. c3 Nf6 9. Nd2 dxe4 10. Nxe4 Nxe4 11. Qxe4 Nd7 12. O-O O-O 13. Rd1 a5 14. a4 Re8 15. Be3 Nf6 16. Qc2 Nd5 17. Bd2 Qc7 18. Bf3 Rad8 19. Re1 Rd7 20. Re2 Red8 21. Rae1 Ne7 22. Bg5 h6 23. Bh4 Re8 24. Bg3 Qb6 25. Bf4 Nd5 26. Bd2 Qc7 27. g3 h5 28. h4 Bf6 29. Kg2 Kg7 30. Bc1 Rdd8 31. Qb3 Qd7 32. Bd2 Ra8 33. Rh1 Rh8 34. Qc2 Rad8 35. Qd3 Qc7 36. Qc4 Qb6 37. Rb1 Rd7 38. Be4 Rhd8 39. Bc2 Ne7 40. Bf4 Nd5 41. Bd2 Qc7 42. Rbe1 Nb6 43. Qb3 Nd5 44. Bc1 Rc8 45. Re4 Qd8 46. Bd3 Rb8 47. Qc2 b5 48. axb5 cxb5 49. Qe2 b4 50. c4 Ne7 51. Rf4 Bxd4 52. Qf3 Nf5 53. Bxf5 exf5 54. b3 Bc3 55. Re3 Bf6 56. c5 Rc8 57. c6 Rdc7 58. Rc4 Re7 59. Rd3 Qb6 60. Be3 Qb5 61. Rd5 Qa6 62. Rd6 Rec7 63. Rxf6 Kxf6 64. Bd4+ Ke7 65. Qe3+ Kf8 66. Qh6+ Ke7 67. Bc5+ Ke6 68. Qe3+ Kd5 69. Qf3+ Ke6 70. Re4+ Kd5 71. Rc4+ Ke6 72. Qe3+ Kd5 73. Bb6 Qb5 74. Qd4+ Ke6 75. Bxc7 Rxc7 76. Rc5 Qe2 77. Qd5+ Ke7 78. Rxa5 Qe4+ 79. Qxe4+ fxe4 80. Re5+ Kd6 81. Rxe4 Kc5 82. Rc4+ Kb5 83. Kf3 Rxc6 84. Rxc6 Kxc6 85. Ke4 Kd6 86. Kd4 f6 87. Kc4 g5 88. Kxb4 gxh4 89. gxh4 Ke5 90. Kc3 Kf4 91. b4 Kg4 92. b5 Kxh4 93. b6 Kg4 94. b7 h4 95. b8=Q h3 96. Qh2 1-0


[Site "https://www.chess.com"]

[Event "Titled Tuesday Blitz September 14 2021"]
[White "Suleymanli, Aydin"]
[Black "Eljanov, Pavel"]
[WhiteFideId "13413937"]
[BlackFideId "14102951"]
[WhiteElo "2506"]
[BlackElo "2602"]
[Result "1-0"]
[Round "09"]
[TimeControl "180+1"]
[Date "2021.09.15"]
[WhiteClock "0:00:19"]
[BlackClock "0:00:11"]

1. d4 Nf6 2. c4 e6 3. Nc3 Bb4 4. f3 d5 5. a3 Bxc3+ 6. bxc3 c5 7. cxd5 Nxd5 8. dxc5 f5 9. Nh3 O-O 10. Qd2 Nc6 11. c4 Qh4+ 12. g3 Qxc4 13. e4 Qc3 14. exd5 Qxa1 15. dxc6 bxc6 16. Bc4 Rb8 17. O-O Kh8 18. Ng5 Qf6 19. f4 h6 20. Nf3 Rd8 21. Qc2 Bd7 22. Re1 Qa1 23. Ne5 Be8 24. Bxe6 Bh5 25. Qxf5 Qc3 26. Rf1 Qd4+ 27. Kg2 Rb2+ 28. Bxb2 Qxb2+ 29. Rf2 1-0


[Site "https://www.chess.com"]

[Event "Titled Tuesday Blitz September 14 2021"]
[White "Sviridov_Valery"]
[Black "Kamsky, Gata"]
[BlackFideId "2000024"]
[WhiteElo "2966"]
[BlackElo "2603"]
[Result "0-1"]
[Round "09"]
[TimeControl "180+1"]
[Date "2021.09.15"]
[WhiteClock "0:00:02"]
[BlackClock "0:00:23"]

1. Nf3 Nf6 2. g3 g6 3. Bg2 Bg7 4. O-O O-O 5. c4 c6 6. Nc3 d5 7. cxd5 cxd5 8. d4 e6 9. Bg5 h6 10. Bf4 Nc6 11. Ne5 Bd7 12. Qd2 Nxe5 13. Bxe5 Bc6 14. Rac1 Qe7 15. Rc2 Rfd8 16. Rfc1 Bf8 17. Bxf6 Qxf6 18. e3 Qe7 19. Bf1 a6 20. Ne2 Rac8 21. Nf4 Bd7 22. Rc7 Rxc7 23. Rxc7 Rb8 24. Nd3 Qd8 25. Rc2 Ba4 26. Rc1 Be8 27. Ne5 Rc8 28. h4 Bd6 29. Bd3 Rxc1+ 30. Qxc1 Qc7 31. Qxc7 Bxc7 32. a3 a5 33. Kf1 Kg7 34. Nf3 f6 35. Ke2 g5 36. hxg5 hxg5 37. g4 Bd7 38. Nd2 b6 39. Nf1 e5 40. f3 e4 41. fxe4 Bxg4+ 42. Kf2 dxe4 43. Bxe4 f5 44. Bf3 Bh3 45. Bg2 Bg4 46. a4 Bd1 47. Bc6 Kf6 48. Nd2 g4 49. e4 fxe4 50. Nxe4+ Kf5 51. Nc3 Bb3 52. Bd7+ Kf4 53. Ne2+ Kg5 54. Nc3 Bc2 55. Bc6 Kh4 56. Kg2 g3 57. Bf3 Bf5 58. Nd5 Bh3+ 59. Kg1 Bd8 60. Nc3 Bf6 61. Ne2 Bd7 62. b3 Be6 63. d5 Bf5 64. Kg2 Be5 65. Kg1 Bc2 66. Nc1 Bb2 67. Ne2 Bxb3 68. d6 Bxa4 69. Nf4 Bd7 70. Nd5 Bd4+ 71. Kg2 Bh3+ 72. Kh1 a4 73. Nb4 a3 74. Bc6 Bc5 75. Nc2 Bxd6 0-1


[Site "https://www.chess.com"]

[Event "Titled Tuesday Blitz September 14 2021"]
[White "Timmermans, Mark"]
[Black "Demchenko, Anton"]
[WhiteFideId "1026399"]
[BlackFideId "4160258"]
[WhiteElo "2460"]
[BlackElo "2583"]
[Result "1-0"]
[Round "09"]
[TimeControl "180+1"]
[Date "2021.09.15"]
[WhiteClock "0:00:23"]
[BlackClock "0:00:04"]

1. b4 e6 2. Bb2 Nf6 3. b5 b6 4. c4 Bb7 5. e3 a6 6. a4 d5 7. Nf3 Nbd7 8. Be2 dxc4 9. Bxc4 axb5 10. axb5 Rxa1 11. Bxa1 Qa8 12. Nc3 Bd6 13. O-O O-O 14. Be2 e5 15. h3 h6 16. Bb2 Re8 17. Qc2 Nc5 18. Ra1 Qd8 19. d4 exd4 20. Nxd4 Be5 21. Rd1 Qa8 22. Bf3 Bxd4 23. Bxb7 Qxb7 24. Rxd4 Qa8 25. Rd1 Rd8 26. Rxd8+ Qxd8 27. Ne2 Ne8 28. Ba3 Ne6 29. Nc3 Qd7 30. Qa4 f6 31. Qa8 Kf7 32. Bb4 Qd3 33. Qc6 f5 34. Nd5 Nf6 35. Qxe6+ Kxe6 36. Nf4+ Kd7 37. Nxd3 Nd5 38. Kf1 c5 39. bxc6+ Kxc6 40. Bf8 g6 41. Nb4+ Nxb4 42. Bxb4 Kd5 43. Bf8 h5 44. Ke2 Kc4 45. f3 b5 46. Bg7 b4 47. e4 fxe4 48. fxe4 b3 49. Ke3 h4 50. Bb2 g5 51. Bf6 Kc5 52. Kd3 Kb4 53. Bb2 Kb5 54. Kc3 Ka4 55. Kc4 Ka5 56. Kxb3 Kb5 57. Bf6 1-0


[Site "https://www.chess.com"]

[Event "Titled Tuesday Blitz September 14 2021"]
[White "Vakhlamov, Igor L."]
[Black "Golubev, Mikhail"]
[WhiteFideId "24126748"]
[BlackFideId "14100983"]
[WhiteElo "2416"]
[BlackElo "2374"]
[Result "1-0"]
[Round "09"]
[TimeControl "180+1"]
[Date "2021.09.15"]
[WhiteClock "0:00:59"]
[BlackClock "0:00:08"]

1. e4 c5 2. Nf3 d6 3. Nc3 Nc6 4. Bb5 Bd7 5. Bxc6 Bxc6 6. d4 cxd4 7. Qxd4 Nf6 8. Bg5 e6 9. O-O-O Be7 10. Rhe1 O-O 11. e5 dxe5 12. Nxe5 Qxd4 13. Rxd4 Bxg2 14. Nd7 Bc6 15. Nxf8 Kxf8 16. h3 Rc8 17. Rd3 h6 18. Bf4 Ke8 19. a3 h5 20. Be5 g6 21. Bxf6 Bxf6 22. Ne4 Be7 23. Nd6+ Bxd6 24. Rxd6 Ke7 25. Rd4 g5 26. Kd2 Kf6 27. h4 gxh4 28. Rxh4 Kg5 29. Rd4 Rh8 30. Rg1+ Kf6 31. Rh4 Bf3 32. Rg3 Bc6 33. c4 a5 34. b4 axb4 35. axb4 Rd8+ 36. Kc3 Rh8 37. Kd4 e5+ 38. Kc5 Bd7 39. Kb6 Be6 40. Kxb7 Rd8 41. c5 Bg4 42. Rgxg4 hxg4 43. Rxg4 Kf5 44. Rc4 Rd7+ 45. Kb6 Rd2 46. c6 1-0


[Site "https://www.chess.com"]